 Dungeon Crawl Stone Soup version 0.31-a0-636-ge1c0e020e0 (webtiles) character file.

Game seed: 10111492640966111013

146 scionoferis the Magician (level 5, -1/57 HPs)
             Began as a Djinni Hedge Wizard on Aug 26, 2023.
             Slain by an orc
             ... wielding a +0 flail
              (6 damage)
             ... on level 4 of the Dungeon.
             The game lasted 00:08:49 (3449 turns).

scionoferis the Magician (Djinni Hedge Wizard)      Turns: 3449, Time: 00:08:50

Health: -1/57      AC: 22    Str:  7 (9)  XL:     5   Next: 53%
Gold:   166        EV:  2    Int: 15 (18) God:
                   SH:  0    Dex: 10 (12)

rFire   . . .        a - +0 dagger
rCold   . . .        (no shield)
rNeg    . . .        o - melded +1 robe {rF+}
rPois   ∞            j - melded +0 helmet
rElec   .            (cloak currently unavailable)
rCorr   .            (gloves currently unavailable)
SInv    .            (boots unavailable)
Will    +....        (no amulet)
Stlth   ++           (no ring)
HPRegen 0.29/turn    (no ring)
MPRegen 0.00/turn

%: infuse magic (-2 HP)
@: mighty, tree-form, enlightened
A: stationary, stasis, torment immunity, boosted hp, sickness immunity, (fire
resistance 2), (cold vulnerability 1), float, innate caster, HP casting, extra
vitality 1
a: no special abilities


You were on level 4 of the Dungeon.
You were a tree.
You visited 1 branch of the dungeon, and saw 4 of its levels.

You collected 166 gold pieces.


Innate Abilities, Weirdness & Mutations

You are a tree.
Your roots penetrate the ground, keeping you stationary.
You cannot be teleported.
You are immune to unholy pain and torment.
Your maximum health is greatly increased.
Your equipment is partially melded.
You are immune to sickness and miasma.
You are immune to poison.
((Your flesh is very heat resistant. (rF++)))
((You are vulnerable to cold. (rC-)))
You float through the air rather than walking.
You learn spells naturally, not from books.
Your magical power is your life essence.
You have superior vitality. (+4 MHP)


   Skills:
 + Level 1.8 Fighting
 + Level 3.2 Dodging
 + Level 2.4 Stealth
 * Level 3.7 Spellcasting
 * Level 3.7 Conjurations
 * Level 3.7 Hexes
   Level 0.0 Charms
 * Level 3.7 Summonings
 * Level 3.7 Necromancy
 * Level 3.7 Translocations
 * Level 3.7 Transmutations
 * Level 3.7 Fire Magic
 * Level 3.7 Ice Magic
 * Level 3.7 Air Magic
 * Level 3.7 Earth Magic
 * Level 3.7 Poison Magic


You knew the following spells:

 Your Spells              Type           Power      Damage    Failure   Level
a - Magic Dart            Conj           52%        1d5       4%          1
b - Slow                  Hex            52%        N/A       4%          1
c - Blink                 Tloc           26%        N/A       6%          2
d - Call Imp              Summ           26%        N/A       6%          2
e - Mephitic Cloud        Conj/Pois/Air  13%        N/A       12%         3
f - Shock                 Conj/Air       52%        1d6       4%          1
g - Poisonous Vapours     Pois/Air       26%        N/A       6%          2
Your spell library was empty.

Inventory:

Hand Weapons
 a - a +0 dagger (weapon)
 b - a +0 scimitar
   (You found it on level 2 of the Dungeon)
 l - a +0 sling
   (You took it off a hobgoblin on level 2 of the Dungeon)
Missiles
 e - 10 boomerangs
Armour
 j - a +0 helmet (melded)
   (You found it on level 2 of the Dungeon)
 o - a +1 robe of fire resistance (melded)
   (You found it on level 2 of the Dungeon)
Wands
 m - a wand of flame (21)
   (You found it on level 2 of the Dungeon)
Scrolls
 c - 2 scrolls of fog
 d - 2 scrolls of summoning
 i - a scroll of identify
 q - a scroll of teleportation
Potions
 f - a potion of degeneration
 h - a potion of magic {unknown}
 k - a potion of curing {unknown}
 n - a potion of might
 p - a potion of lignification

Dungeon Overview and Level Annotations

Branches:
Dungeon (4/15)
 Temple: D:4-7

Altars:
Elyvilon

Annotations:
D:3 1 runed translucent door, Pyropingo's ghost, weakling DsGl

#.##......##.#.#
#.##.........#.#
#o#####......#.. # #.#
#.....o#.# #. #.#
#......'.. #.. #.#
#......#.# ##...####o#
#......#o#
.......o†{#####.######.#
##...♣Bo....... .#
#.#.#o#.#.#.#. o#
#........... .#
#...⌠.....⌠.?. o#
(......._......
#.#...⌠.....⌠...
...#............ ..
#.#.#.#.#?#.


You could see an orc priest, 2 orc wizards, an orc and a giant cockroach.


Message History

Unknown command.
Aiming: Magic Dart (safe; 4% risk of failure)
Press: ? - help, Q - select action, (/) - cycle Shift-Dir - straight line, f/p - worm
Aim: a worm (moderately wounded, 100% to hit)
The magic dart hits the worm.
The worm is moderately wounded.
Unknown command.
Aiming: Magic Dart (safe; 4% risk of failure)
Press: ? - help, Q - select action, (/) - cycle Shift-Dir - straight line, f/p - worm
Aim: a worm (moderately wounded, 100% to hit)
The magic dart hits the worm.
The worm is heavily wounded.
Aiming: Magic Dart (safe; 4% risk of failure)
Press: ? - help, Q - select action, (/) - cycle Shift-Dir - straight line, f/p - worm
Aim: a worm (heavily wounded, 100% to hit)
The magic dart hits the worm.
The worm is severely wounded.
Aiming: Magic Dart (safe; 4% risk of failure)
Press: ? - help, Q - select action, (/) - cycle Shift-Dir - straight line, f/p - worm
Aim: a worm (severely wounded, 100% to hit)
The magic dart hits the worm.
The worm is severely wounded.
Aiming: Magic Dart (safe; 4% risk of failure)
Press: ? - help, Q - select action, (/) - cycle Shift-Dir - straight line, f/p - worm
Aim: a worm (severely wounded, 100% to hit)
The magic dart hits the worm.
The worm is almost dead.
Casting: Magic Dart (safe; 4% risk of failure)
Confirm with . or Enter, or press ? or * to list all spells.
Aiming: Shock (safe; 4% risk of failure)
Press: ? - help, Shift-Dir - straight line, f/p - worm
Aim: a worm (almost dead, 89% to hit)
Okay, then.
Casting: Shock (safe; 4% risk of failure)
Confirm with . or Enter, or press ? or * to list all spells.
Aiming: Shock (safe; 4% risk of failure)
Press: ? - help, Shift-Dir - straight line, f/p - worm
Aim: a worm (almost dead, 89% to hit)
The zap hits the worm.
You kill the worm!
You reach down and open the door.
There is an open door here.
As you open the door, it creaks loudly!
Found 3 stones.
There is an open door here.
Aiming: Magic Dart (safe; 4% risk of failure)
Press: ? - help, Q - select action, (/) - cycle Shift-Dir - straight line, f - endoplasm
Aim: an endoplasm (wandering, hasn't noticed you, 100% to hit)
You miscast Magic Dart.
You are very lightly contaminated with residual magic.
Nothing appears to happen.
The endoplasm quivers.
Casting: Magic Dart (safe; 4% risk of failure)
Confirm with . or Enter, or press ? or * to list all spells.
Aiming: Shock (safe; 4% risk of failure)
Press: ? - help, Shift-Dir - straight line, f/p - endoplasm
Aim: an endoplasm (97% to hit)
You miscast Shock.
Nothing appears to happen.
Casting: Shock (safe; 4% risk of failure)
Confirm with . or Enter, or press ? or * to list all spells.
Aiming: Shock (safe; 4% risk of failure)
Press: ? - help, Shift-Dir - straight line, f/p - endoplasm
Aim: an endoplasm (97% to hit)
The zap hits the endoplasm.
The endoplasm is lightly wounded.
The zap hits the endoplasm.
You kill the endoplasm!
Your magical contamination has completely faded away.
There is an open door here.
There is an open door here.
There is an open door here.
Found a scimitar.
You see here a +0 scimitar.
b - a +0 scimitar
There is a stone staircase leading down here.
Done exploring.
Done exploring.
Unknown command.
Search for what [Enter for "sling", or ? for help]? d: Unknown command.
There is a stone staircase leading down here.
You fly downwards.
The orc shouts!
The adder hisses angrily.
The orc shouts!
You hear a shout! x2
The goblin shouts!
The orc shouts!
You hear a shout!
There is a stone staircase leading up here.
You hear a shout!
The goblin unwields a +0 club.
The goblin wields a +0 sling.
The goblin shoots a sling bullet.
The sling bullet hits you.
You fly upwards.
There is a stone staircase leading down here.
HP restored.
Things that are here:
a +0 hat; a +0 robe You see here a +0 mace.
There is a stone staircase leading down here.
You start waiting.
Done waiting.
You fly downwards.
The orc shouts! x2; The orc priest shouts!
The orc shouts!
Found a stone staircase leading down.
There is a stone staircase leading up here.
The orc hits you with a +0 club.
You fly upwards.
There is a stone staircase leading down here.
Casting: Shock (safe; 4% risk of failure)
Confirm with . or Enter, or press ? or * to list all spells.
Aiming: Shock (safe; 4% risk of failure)
Press: ? - help, Shift-Dir - straight line, f - orc
Aim: an orc, wielding a +0 club (71% to hit)
The zap hits the orc.
The orc is lightly wounded.
The orc hits you with a +0 club.
Aiming: Magic Dart (safe; 4% risk of failure)
Press: ? - help, Q - select action, (/) - cycle Shift-Dir - straight line, f/p - orc
Aim: an orc, wielding a +0 club (lightly wounded, 100% to hit)
The magic dart hits the orc.
The orc is heavily wounded.
The orc hits you with a +0 club.
Aiming: Magic Dart (safe; 4% risk of failure)
Press: ? - help, Q - select action, (/) - cycle Shift-Dir - straight line, f/p - orc
Aim: an orc, wielding a +0 club (heavily wounded, 100% to hit)
The magic dart hits the orc.
The orc is almost dead.
The orc misses you.
Aiming: Magic Dart (safe; 4% risk of failure)
Press: ? - help, Q - select action, (/) - cycle Shift-Dir - straight line, f/p - orc
Aim: an orc, wielding a +0 club (almost dead, 100% to hit)
The magic dart hits the orc.
You kill the orc!
Unknown command.
HP restored.
Done exploring.
You see here a +0 club.
You see here a +0 mace.
There is an open door here.
There is a stone staircase leading down here.
You fly downwards.
There is a stone staircase leading up here.
Found a stone staircase leading down.
c - a scroll labelled UTZO VOPPISE
p - 2 glowing grey potions
Found a runed translucent door.
Found a leather armour and a robe.
You see here a +0 leather armour.
You see here a +0 robe.
Pyropingo's ghost turns its malevolent gaze towards you.
An adder comes into view.
Found 4 gold pieces.
Aiming: Magic Dart (safe; 4% risk of failure)
Press: ? - help, Q - select action, (/) - cycle Shift-Dir - straight line, f - adder
Aim: an adder (asleep, 100% to hit)
The magic dart hits the adder.
The adder is lightly wounded.
The adder hisses angrily.
Aiming: Magic Dart (safe; 4% risk of failure)
Press: ? - help, Q - select action, (/) - cycle Shift-Dir - straight line, f/p - adder
Aim: an adder (lightly wounded, 100% to hit)
The magic dart hits the adder.
The adder is moderately wounded.
Aiming: Magic Dart (safe; 4% risk of failure)
Press: ? - help, Q - select action, (/) - cycle Shift-Dir - straight line, f/p - adder
Aim: an adder (moderately wounded, 100% to hit)
The magic dart hits the adder.
The adder is severely wounded.
Aiming: Magic Dart (safe; 4% risk of failure)
Press: ? - help, Q - select action, (/) - cycle Shift-Dir - straight line, f/p - adder
Aim: an adder (severely wounded, 100% to hit)
The magic dart hits the adder.
You kill the adder!
You have reached level 4!
You feel clever.
HP restored.
A jackal comes into view.
Aiming: Magic Dart (safe; 4% risk of failure)
Press: ? - help, Q - select action, (/) - cycle Shift-Dir - straight line, f - jackal
Aim: a jackal (asleep, 100% to hit)
The magic dart hits the jackal.
The jackal is lightly wounded.
The jackal barks!
A jackal comes into view.
Aiming: Magic Dart (safe; 4% risk of failure)
Press: ? - help, Q - select action, (/) - cycle Shift-Dir - straight line, f/p - jackal
Aim: a jackal (lightly wounded, 100% to hit)
The magic dart hits the jackal.
The jackal is heavily wounded.
The jackal barks!
You hear a bark!
You hear a shout!
The jackal falls through a shaft!
The shaft crumbles and collapses.
Aiming: Magic Dart (safe; 4% risk of failure)
Press: ? - help, Q - select action, (/) - cycle Shift-Dir - straight line, f/p - jackal
Aim: a jackal (heavily wounded, 100% to hit)
The magic dart hits the jackal.
You kill the jackal!
A jackal comes into view.
Aiming: Magic Dart (safe; 4% risk of failure)
Press: ? - help, Q - select action, (/) - cycle Shift-Dir - straight line, f - jackal
Aim: a jackal (wandering, hasn't noticed you, 100% to hit)
The magic dart hits the jackal.
The jackal is moderately wounded.
The jackal barks!
You hear a bark!
Pyropingo's ghost laughs crazily.
Aiming: Magic Dart (safe; 4% risk of failure)
Press: ? - help, Q - select action, (/) - cycle Shift-Dir - straight line, f/p - jackal
Aim: a jackal (moderately wounded, 100% to hit)
The magic dart hits the jackal but does no damage.
The jackal is moderately wounded.
Unknown command.
Aiming: Magic Dart (safe; 4% risk of failure)
Press: ? - help, Q - select action, (/) - cycle Shift-Dir - straight line, f/p - jackal
Aim: a jackal (moderately wounded, 100% to hit)
The magic dart hits the jackal but does no damage.
The jackal is moderately wounded.
Unknown command.
Aiming: Magic Dart (safe; 4% risk of failure)
Press: ? - help, Q - select action, (/) - cycle Shift-Dir - straight line, f/p - jackal
Aim: a jackal (moderately wounded, 100% to hit)
The magic dart hits the jackal.
The jackal is almost dead.
The jackal bites you.
Aiming: Magic Dart (safe; 4% risk of failure)
Press: ? - help, Q - select action, (/) - cycle Shift-Dir - straight line, f/p - jackal
Aim: a jackal (almost dead, 100% to hit)
The magic dart hits the jackal but does no damage.
The jackal is almost dead.
The jackal bites you but does no damage.
Aiming: Magic Dart (safe; 4% risk of failure)
Press: ? - help, Q - select action, (/) - cycle Shift-Dir - straight line, f/p - jackal
Aim: a jackal (almost dead, 100% to hit)
The magic dart hits the jackal.
You kill the jackal!
Unknown command.
A hobgoblin comes into view.
A jackal comes into view.
Aiming: Magic Dart (safe; 4% risk of failure)
Press: ? - help, Q - select action, (/) - cycle Shift-Dir - straight line, f - jackal
Aim: a jackal (wandering, hasn't noticed you, 100% to hit)
The magic dart hits the jackal.
The jackal is heavily wounded.
The jackal barks!
The hobgoblin shouts!
An endoplasm comes into view.
Pyropingo's ghost assumes a wrestling stance.
Aiming: Magic Dart (safe; 4% risk of failure)
Press: ? - help, Q - select action, (/) - cycle Shift-Dir - straight line, f/p - jackal
Aim: a jackal (heavily wounded, 100% to hit)
The magic dart hits the jackal.
You kill the jackal!
Unknown command.
Aiming: Magic Dart (safe; 4% risk of failure)
Press: ? - help, Q - select action, (/) - cycle Shift-Dir - straight line, f - hobgoblin
Aim: a hobgoblin (100% to hit)
The magic dart hits the hobgoblin.
The hobgoblin is moderately wounded.
Unknown command.
Aiming: Magic Dart (safe; 4% risk of failure)
Press: ? - help, Q - select action, (/) - cycle Shift-Dir - straight line, f/p - hobgoblin
Aim: a hobgoblin (moderately wounded, 100% to hit)
The magic dart hits the hobgoblin.
You kill the hobgoblin!
You start resting.
HP restored.
Aiming: Magic Dart (safe; 4% risk of failure)
Press: ? - help, Q - select action, (/) - cycle Shift-Dir - straight line, f - endoplasm
Aim: an endoplasm (100% to hit)
The magic dart hits the endoplasm.
The endoplasm is severely wounded.
Unknown command.
Aiming: Magic Dart (safe; 4% risk of failure)
Press: ? - help, Q - select action, (/) - cycle Shift-Dir - straight line, f/p - endoplasm
Aim: an endoplasm (severely wounded, 100% to hit)
The magic dart hits the endoplasm.
You kill the endoplasm!
You now have 106 gold pieces (gained 17).
You see here a hobgoblin corpse.
You now have 110 gold pieces (gained 4).
Found a radiant altar of Vehumet.
i - 4 scrolls labelled LEDATA MALOXT (gained 1)
Aiming: Magic Dart (safe; 3% risk of failure)
Press: ? - help, Q - select action, (/) - cycle Shift-Dir - straight line, f - orc
Aim: an orc, wielding a +0 mace, wearing a +0 leather armour and quivering boomerangs (wandering, hasn't noticed you, 100% to hit)
The magic dart hits the orc but does no damage.
The orc shouts!
You hear a shout! x2
The orc throws a boomerang.
The boomerang barely misses you.
Aiming: Magic Dart (safe; 3% risk of failure)
Press: ? - help, Q - select action, (/) - cycle Shift-Dir - straight line, f/p - orc
Aim: an orc, wielding a +0 mace, wearing a +0 leather armour and quivering boomerangs (100% to hit)
The magic dart hits the orc.
The orc is lightly wounded.
Aiming: Magic Dart (safe; 3% risk of failure)
Press: ? - help, Q - select action, (/) - cycle Shift-Dir - straight line, f/p - orc
Aim: an orc, wielding a +0 mace, wearing a +0 leather armour and quivering boomerangs (lightly wounded, 100% to hit)
The magic dart hits the orc.
The orc is heavily wounded.
Aiming: Magic Dart (safe; 3% risk of failure)
Press: ? - help, Q - select action, (/) - cycle Shift-Dir - straight line, f/p - orc
Aim: an orc, wielding a +0 mace, wearing a +0 leather armour and quivering boomerangs (heavily wounded, 100% to hit)
The magic dart hits the orc.
The orc is almost dead.
Aiming: Magic Dart (safe; 3% risk of failure)
Press: ? - help, Q - select action, (/) - cycle Shift-Dir - straight line, f/p - orc
Aim: an orc, wielding a +0 mace, wearing a +0 leather armour and quivering boomerangs (almost dead, 100% to hit)
The magic dart hits the orc.
You kill the orc!
A hobgoblin comes into view.
Aiming: Magic Dart (safe; 3% risk of failure)
Press: ? - help, Q - select action, (/) - cycle Shift-Dir - straight line, f - hobgoblin
Aim: a hobgoblin (wandering, hasn't noticed you, 100% to hit)
The magic dart hits the hobgoblin but does no damage.
The hobgoblin shouts!
Unknown command.
Aiming: Magic Dart (safe; 3% risk of failure)
Press: ? - help, Q - select action, (/) - cycle Shift-Dir - straight line, f/p - hobgoblin
Aim: a hobgoblin (100% to hit)
The magic dart hits the hobgoblin but does no damage.
Unknown command.
Aiming: Magic Dart (safe; 3% risk of failure)
Press: ? - help, Q - select action, (/) - cycle Shift-Dir - straight line, f/p - hobgoblin
Aim: a hobgoblin (100% to hit)
The magic dart hits the hobgoblin.
The hobgoblin is moderately wounded.
Unknown command.
Aiming: Magic Dart (safe; 3% risk of failure)
Press: ? - help, Q - select action, (/) - cycle Shift-Dir - straight line, f/p - hobgoblin
Aim: a hobgoblin (moderately wounded, 100% to hit)
The magic dart hits the hobgoblin.
The hobgoblin is heavily wounded.
Aiming: Magic Dart (safe; 3% risk of failure)
Press: ? - help, Q - select action, (/) - cycle Shift-Dir - straight line, f/p - hobgoblin
Aim: a hobgoblin (heavily wounded, 100% to hit)
You miscast Magic Dart.
You are very lightly contaminated with residual magic.
Nothing appears to happen.
Aiming: Magic Dart (safe; 3% risk of failure)
Press: ? - help, Q - select action, (/) - cycle Shift-Dir - straight line, f/p - hobgoblin
Aim: a hobgoblin (heavily wounded, 100% to hit)
The magic dart hits the hobgoblin.
You kill the hobgoblin!
Unknown command.
Your magical contamination has completely faded away.
You see here a hobgoblin corpse.
e - 10 boomerangs (gained 2)
Things that are here:
a +0 mace; a +0 leather armour
c - 2 scrolls labelled UTZO VOPPISE (gained 1)
An endoplasm comes into view.
Aiming: Magic Dart (safe; 3% risk of failure)
Press: ? - help, Q - select action, (/) - cycle Shift-Dir - straight line, f - endoplasm
Aim: an endoplasm (wandering, hasn't noticed you, 100% to hit)
The magic dart hits the endoplasm.
The endoplasm is almost dead.
The endoplasm quivers.
Aiming: Magic Dart (safe; 3% risk of failure)
Press: ? - help, Q - select action, (/) - cycle Shift-Dir - straight line, f/p - endoplasm
Aim: an endoplasm (almost dead, 100% to hit)
The magic dart hits the endoplasm.
You kill the endoplasm!
Unknown command.
Aiming: Magic Dart (safe; 3% risk of failure)
Press: ? - help, Q - select action, (/) - cycle Shift-Dir - straight line, f - adder
Aim: an adder (wandering, hasn't noticed you, 100% to hit)
The magic dart hits the adder.
The adder is heavily wounded.
Unknown command.
Aiming: Magic Dart (safe; 3% risk of failure)
Press: ? - help, Q - select action, (/) - cycle Shift-Dir - straight line, f/p - adder
Aim: an adder (heavily wounded, 100% to hit)
The magic dart hits the adder.
The adder is severely wounded.
Aiming: Magic Dart (safe; 3% risk of failure)
Press: ? - help, Q - select action, (/) - cycle Shift-Dir - straight line, f/p - adder
Aim: an adder (severely wounded, 100% to hit)
The magic dart hits the adder.
The adder is almost dead.
Unknown command.
Aiming: Magic Dart (safe; 3% risk of failure)
Press: ? - help, Q - select action, (/) - cycle Shift-Dir - straight line, f/p - adder
Aim: an adder (almost dead, 100% to hit)
The magic dart hits the adder.
The adder is almost dead.
Unknown command.
Aiming: Magic Dart (safe; 3% risk of failure)
Press: ? - help, Q - select action, (/) - cycle Shift-Dir - straight line, f/p - adder
Aim: an adder (almost dead, 100% to hit)
The magic dart hits the adder.
You kill the adder!
Unknown command.
A rat comes into view.
The rat moves out of view.
Aiming: Magic Dart (safe; 3% risk of failure)
Press: ? - help, Q - select action, (/) - cycle Shift-Dir - straight line, f - goblin
Aim: a goblin, wielding a +0 sling (wandering, hasn't noticed you, 100% to hit)
The magic dart hits the goblin.
The goblin is moderately wounded.
The goblin shouts!
You hear a shout!
Aiming: Magic Dart (safe; 3% risk of failure)
Press: ? - help, Q - select action, (/) - cycle Shift-Dir - straight line, f/p - goblin
Aim: a goblin, wielding a +0 sling (moderately wounded, 100% to hit)
The magic dart hits the goblin.
You kill the goblin!
Unknown command.
Aiming: Magic Dart (safe; 3% risk of failure)
Press: ? - help, Q - select action, (/) - cycle Shift-Dir - straight line, f - orc
Aim: an orc, wielding a +0 hand axe and wearing a +0 chain mail (100% to hit)
The magic dart hits the orc but does no damage.
Unknown command.
Aiming: Magic Dart (safe; 3% risk of failure)
Press: ? - help, Q - select action, (/) - cycle Shift-Dir - straight line, f/p - orc
Aim: an orc, wielding a +0 hand axe and wearing a +0 chain mail (100% to hit)
The magic dart hits the orc.
The orc is moderately wounded.
Unknown command.
A bat comes into view.
The bat moves out of view.
Casting: Magic Dart (safe; 3% risk of failure)
Confirm with . or Enter, or press ? or * to list all spells.
Aiming: Shock (safe; 3% risk of failure)
Press: ? - help, Shift-Dir - straight line, f/p - orc
Aim: an orc, wielding a +0 hand axe and wearing a +0 chain mail (moderately wounded, 79% to hit)
The zap hits the orc but does no damage.
The orc is moderately wounded.
The zap hits the rat.
The rat is moderately wounded.
Casting: Shock (safe; 3% risk of failure)
Confirm with . or Enter, or press ? or * to list all spells.
Aiming: Shock (safe; 3% risk of failure)
Press: ? - help, Shift-Dir - straight line, f/p - orc
Aim: an orc, wielding a +0 hand axe and wearing a +0 chain mail (moderately wounded, 79% to hit)
The zap hits the orc.
The orc is severely wounded.
The zap hits the rat.
You kill the rat!
Aiming: Magic Dart (safe; 3% risk of failure)
Press: ? - help, Q - select action, (/) - cycle Shift-Dir - straight line, f/p - orc
Aim: an orc, wielding a +0 hand axe and wearing a +0 chain mail (severely wounded, 100% to hit)
The magic dart hits the orc but does no damage.
The orc is severely wounded.
The orc hits you with a +0 hand axe.
Aiming: Magic Dart (safe; 3% risk of failure)
Press: ? - help, Q - select action, (/) - cycle Shift-Dir - straight line, f/p - orc
Aim: an orc, wielding a +0 hand axe and wearing a +0 chain mail (heavily wounded, 100% to hit)
The magic dart hits the orc but does no damage.
The orc is heavily wounded.
The orc hits you but does no damage.
Aiming: Magic Dart (safe; 3% risk of failure)
Press: ? - help, Q - select action, (/) - cycle Shift-Dir - straight line, f/p - orc
Aim: an orc, wielding a +0 hand axe and wearing a +0 chain mail (heavily wounded, 100% to hit)
The magic dart hits the orc.
You kill the orc!
A bat is nearby!
Aiming: Magic Dart (safe; 3% risk of failure)
Press: ? - help, Q - select action, (/) - cycle Shift-Dir - straight line, f - bat
Aim: a bat (wandering, hasn't noticed you, 100% to hit)
The magic dart hits the bat.
You kill the bat!
Unknown command.
An adder is nearby!
Aiming: Magic Dart (safe; 3% risk of failure)
Press: ? - help, Q - select action, (/) - cycle Shift-Dir - straight line, f - adder
Aim: an adder (wandering, hasn't noticed you, 100% to hit)
The magic dart hits the adder.
The adder is heavily wounded.
The adder hisses angrily.
Aiming: Magic Dart (safe; 3% risk of failure)
Press: ? - help, Q - select action, (/) - cycle Shift-Dir - straight line, f/p - adder
Aim: an adder (heavily wounded, 100% to hit)
The magic dart hits the adder.
The adder is heavily wounded.
Aiming: Magic Dart (safe; 3% risk of failure)
Press: ? - help, Q - select action, (/) - cycle Shift-Dir - straight line, f/p - adder
Aim: an adder (heavily wounded, 100% to hit)
The magic dart hits the adder.
The adder is almost dead.
Unknown command.
Aiming: Magic Dart (safe; 3% risk of failure)
Press: ? - help, Q - select action, (/) - cycle Shift-Dir - straight line, f/p - adder
Aim: an adder (almost dead, 100% to hit)
The magic dart hits the adder.
You kill the adder!
Your Dodging skill increases to level 3!
An orc priest is nearby!
You start resting.
HP restored.
An orc comes into view. It is wielding a +0 mace.
The orc shouts!
Things that are here:
a +0 hand axe; a +0 chain mail; 13 gold pieces The magic dart hits the orc.
The orc is severely wounded.
Aiming: Magic Dart (safe; 3% risk of failure)
Press: ? - help, Q - select action, (/) - cycle Shift-Dir - straight line, f/p - orc
Aim: an orc, wielding a +0 mace and wearing a +0 leather armour (severely wounded, 100% to hit)
The magic dart hits the orc but does no damage.
The orc is severely wounded.
Aiming: Magic Dart (safe; 3% risk of failure)
Press: ? - help, Q - select action, (/) - cycle Shift-Dir - straight line, f/p - orc
Aim: an orc, wielding a +0 mace and wearing a +0 leather armour (severely wounded, 100% to hit)
The magic dart hits the orc.
The orc is almost dead.
Aiming: Magic Dart (safe; 3% risk of failure)
Press: ? - help, Q - select action, (/) - cycle Shift-Dir - straight line, f/p - orc
Aim: an orc, wielding a +0 mace and wearing a +0 leather armour (almost dead, 100% to hit)
The magic dart hits the orc.
You kill the orc!
You start resting.
HP restored.
You now have 123 gold pieces (gained 13).
Things that are here:
a +0 hand axe; a +0 chain mail An orc is nearby!
Aiming: Magic Dart (safe; 3% risk of failure)
Press: ? - help, Q - select action, (/) - cycle Shift-Dir - straight line, f - orc
Aim: an orc, wielding a +0 club (wandering, hasn't noticed you, 100% to hit)
The magic dart hits the orc.
The orc is almost dead.
The orc shouts!
Aiming: Magic Dart (safe; 3% risk of failure)
Press: ? - help, Q - select action, (/) - cycle Shift-Dir - straight line, f/p - orc
Aim: an orc, wielding a +0 club (almost dead, 100% to hit)
The magic dart hits the orc.
You kill the orc!
Unknown command.
You start resting.
An orc priest is nearby!
Aiming: Magic Dart (safe; 3% risk of failure)
Press: ? - help, Q - select action, (/) - cycle Shift-Dir - straight line, f - orc priest
Aim: an orc priest, wielding a +0 whip (wandering, hasn't noticed you, 100% to hit)
The magic dart hits the orc priest.
The orc priest is lightly wounded.
The orc priest shouts!
Aiming: Magic Dart (safe; 3% risk of failure)
Press: ? - help, Q - select action, (/) - cycle Shift-Dir - straight line, f/p - orc priest
Aim: an orc priest, wielding a +0 whip (lightly wounded, 100% to hit)
The magic dart hits the orc priest.
The orc priest is lightly wounded.
Unknown command.
Aiming: Magic Dart (safe; 3% risk of failure)
Press: ? - help, Q - select action, (/) - cycle Shift-Dir - straight line, f/p - orc priest
Aim: an orc priest, wielding a +0 whip (lightly wounded, 100% to hit)
The magic dart hits the orc priest.
The orc priest is heavily wounded.
Unknown command.
Aiming: Magic Dart (safe; 3% risk of failure)
Press: ? - help, Q - select action, (/) - cycle Shift-Dir - straight line, f/p - orc priest
Aim: an orc priest, wielding a +0 whip (heavily wounded, 100% to hit)
The magic dart hits the orc priest.
The orc priest is heavily wounded.
Unknown command.
Aiming: Magic Dart (safe; 3% risk of failure)
Press: ? - help, Q - select action, (/) - cycle Shift-Dir - straight line, f/p - orc priest
Aim: an orc priest, wielding a +0 whip (heavily wounded, 100% to hit)
The magic dart hits the orc priest but does no damage.
The orc priest is heavily wounded.
Unknown command.
Aiming: Magic Dart (safe; 3% risk of failure)
Press: ? - help, Q - select action, (/) - cycle Shift-Dir - straight line, f/p - orc priest
Aim: an orc priest, wielding a +0 whip (heavily wounded, 100% to hit)
The magic dart hits the orc priest.
The orc priest is severely wounded.
The orc priest hits you with a +0 whip.
Aiming: Magic Dart (safe; 3% risk of failure)
Press: ? - help, Q - select action, (/) - cycle Shift-Dir - straight line, f/p - orc priest
Aim: an orc priest, wielding a +0 whip (severely wounded, 100% to hit)
The magic dart hits the orc priest.
The orc priest is almost dead.
The orc priest mumbles some strange prayers to Beogh against you.
Beogh smites you!
Ouch! That really hurt!
* * * LOW HITPOINT WARNING * * *
Aiming: Magic Dart (safe; 3% risk of failure)
Press: ? - help, Q - select action, (/) - cycle Shift-Dir - straight line, f/p - orc priest
Aim: an orc priest, wielding a +0 whip (almost dead, 100% to hit)
The magic dart hits the orc priest.
You kill the orc priest!
* * * LOW HITPOINT WARNING * * *
You have reached level 5!
The power to cast Poisonous Vapours wells up from within.
Spell assigned to 'g'.
You see here a bat corpse.
Casting: Magic Dart (safe; 3% risk of failure)
Confirm with . or Enter, or press ? or * to list all spells.
Aiming: Poisonous Vapours (safe; 5% risk of failure)
Press: ? - help, Dir - move target, f - orc
Aim: an orc, wielding a +0 club Poisonous vapours surround the orc!
The orc is poisoned.
* * * LOW HITPOINT WARNING * * *
The orc looks more healthy.
Casting: Poisonous Vapours (safe; 5% risk of failure)
Confirm with . or Enter, or press ? or * to list all spells.
Aiming: Poisonous Vapours (safe; 5% risk of failure)
Press: ? - help, Dir - move target, f/p - orc
Aim: an orc, wielding a +0 club (severely wounded) Poisonous vapours surround the orc!
The orc is poisoned.
* * * LOW HITPOINT WARNING * * *
You kill the orc!
You start resting.
HP restored.
A giant cockroach comes into view.
Aiming: Magic Dart (safe; 3% risk of failure)
Press: ? - help, Q - select action, (/) - cycle Shift-Dir - straight line, f - giant cockroach
Aim: a giant cockroach (100% to hit)
The magic dart hits the giant cockroach.
The giant cockroach is heavily wounded.
Unknown command.
Aiming: Magic Dart (safe; 3% risk of failure)
Press: ? - help, Q - select action, (/) - cycle Shift-Dir - straight line, f/p - giant cockroach
Aim: a giant cockroach (heavily wounded, 100% to hit)
The magic dart hits the giant cockroach.
You kill the giant cockroach!
Unknown command.
You now have 135 gold pieces (gained 12).
A worm comes into view.
Casting: Magic Dart (safe; 3% risk of failure)
Confirm with . or Enter, or press ? or * to list all spells.
Aiming: Poisonous Vapours (safe; 5% risk of failure)
Press: ? - help, Dir - move target, f - worm
Aim: a worm (asleep) Poisonous vapours surround the worm!
The worm is poisoned.
Casting: Poisonous Vapours (safe; 5% risk of failure)
Confirm with . or Enter, or press ? or * to list all spells.
Aiming: Poisonous Vapours (safe; 5% risk of failure)
Press: ? - help, Dir - move target, f/p - worm
Aim: a worm (lightly wounded, poisoned) Poisonous vapours surround the worm!
The worm looks even sicker.
Casting: Poisonous Vapours (safe; 5% risk of failure)
Confirm with . or Enter, or press ? or * to list all spells.
Aiming: Poisonous Vapours (safe; 5% risk of failure)
Press: ? - help, Dir - move target, f/p - worm
Aim: a worm (lightly wounded, very poisoned) Poisonous vapours surround the worm!
The worm looks even sicker.
Aiming: Magic Dart (safe; 3% risk of failure)
Press: ? - help, Q - select action, (/) - cycle Shift-Dir - straight line, f/p - worm
Aim: a worm (lightly wounded, very poisoned, 100% to hit)
The magic dart hits the worm.
The worm is heavily wounded.
Aiming: Magic Dart (safe; 3% risk of failure)
Press: ? - help, Q - select action, (/) - cycle Shift-Dir - straight line, f/p - worm
Aim: a worm (heavily wounded, very poisoned, 100% to hit)
The magic dart hits the worm.
The worm is severely wounded.
Aiming: Magic Dart (safe; 3% risk of failure)
Press: ? - help, Q - select action, (/) - cycle Shift-Dir - straight line, f/p - worm
Aim: a worm (almost dead, very poisoned, 100% to hit)
The magic dart hits the worm.
You kill the worm!
There is a stone staircase leading down here.
Found a scale mail.
There is an open door here.
An orc comes into view. It is wielding a +0 club.
Aiming: Magic Dart (safe; 3% risk of failure)
Press: ? - help, Q - select action, (/) - cycle Shift-Dir - straight line, f - orc
Aim: an orc, wielding a +0 club (asleep, 100% to hit)
The magic dart hits the orc.
The orc is heavily wounded.
Unknown command.
Aiming: Magic Dart (safe; 3% risk of failure)
Press: ? - help, Q - select action, (/) - cycle Shift-Dir - straight line, f/p - orc
Aim: an orc, wielding a +0 club (heavily wounded, 100% to hit)
The magic dart hits the orc.
The orc is almost dead.
Casting: Magic Dart (safe; 3% risk of failure)
Confirm with . or Enter, or press ? or * to list all spells.
Aiming: Poisonous Vapours (safe; 5% risk of failure)
Press: ? - help, Dir - move target, f/p - orc
Aim: an orc, wielding a +0 club (almost dead) Poisonous vapours surround the orc!
The orc is poisoned.
An orc is nearby!
Aiming: Magic Dart (safe; 3% risk of failure)
Press: ? - help, Q - select action, (/) - cycle Shift-Dir - straight line, f/p - orc
Aim: an orc, wielding a +0 club (almost dead, poisoned, 100% to hit)
The magic dart hits the orc.
You kill the orc!
You see here a +0 club.
An orc is nearby!
Aiming: Magic Dart (safe; 3% risk of failure)
Press: ? - help, Q - select action, (/) - cycle Shift-Dir - straight line, f - orc
Aim: an orc, wielding a +0 hand axe (wandering, hasn't noticed you, 100% to hit)
The magic dart hits the orc.
The orc is lightly wounded.
Aiming: Magic Dart (safe; 3% risk of failure)
Press: ? - help, Q - select action, (/) - cycle Shift-Dir - straight line, f - you
Okay, then.
An orc is nearby!
Aiming: Magic Dart (safe; 3% risk of failure)
Press: ? - help, Q - select action, (/) - cycle Shift-Dir - straight line, f/p - orc
Aim: an orc, wielding a +0 hand axe (lightly wounded, 100% to hit)
The magic dart hits the orc.
The orc is almost dead.
Unknown command.
Aiming: Magic Dart (safe; 3% risk of failure)
Press: ? - help, Q - select action, (/) - cycle Shift-Dir - straight line, f/p - orc
Aim: an orc, wielding a +0 hand axe (almost dead, 100% to hit)
The magic dart hits the orc.
You kill the orc!
Unknown command.
Pyropingo's ghost turns its malevolent gaze towards you.
Pyropingo's ghost says, "You will never get the ORB!"
Found an escape hatch in the floor.
There is a stone staircase leading down here.
You reach down and open the door.
There is an open door here.
You reach down and open the door.
Found a stone staircase leading down.
A bat comes into view.
Found an escape hatch in the ceiling.
There is an open door here.
Aiming: Magic Dart (safe; 3% risk of failure)
Press: ? - help, Q - select action, (/) - cycle Shift-Dir - straight line, f - bat
Aim: a bat (100% to hit)
The magic dart hits the bat but does no damage.
The bat hits you but does no damage.
Unknown command.
Aiming: Magic Dart (safe; 3% risk of failure)
Press: ? - help, Q - select action, (/) - cycle Shift-Dir - straight line, f/p - bat
Aim: a bat (100% to hit)
The magic dart hits the bat.
The bat is moderately wounded.
The bat hits you but does no damage.
Aiming: Magic Dart (safe; 3% risk of failure)
Press: ? - help, Q - select action, (/) - cycle Shift-Dir - straight line, f/p - bat
Aim: a bat (moderately wounded, 100% to hit)
The magic dart hits the bat but does no damage.
The bat is moderately wounded.
The bat closely misses you.
Casting: Magic Dart (safe; 3% risk of failure)
Confirm with . or Enter, or press ? or * to list all spells.
Aiming: Poisonous Vapours (safe; 5% risk of failure)
Press: ? - help, Dir - move target, f/p - bat
Aim: a bat (moderately wounded) Poisonous vapours surround the bat!
The bat is poisoned.
The bat hits you but does no damage.
Aiming: Magic Dart (safe; 3% risk of failure)
Press: ? - help, Q - select action, (/) - cycle Shift-Dir - straight line, f/p - bat
Aim: a bat (severely wounded, poisoned, 100% to hit)
The magic dart hits the bat.
You kill the bat!
Unknown command.
There is a stone staircase leading down here.
q - a scroll labelled TOSHRUKHORIF You reach down and open the door.
A kobold comes into view. It is wielding a +0 short sword.
There is an open door here.
Casting: Magic Dart (safe; 3% risk of failure)
Confirm with . or Enter, or press ? or * to list all spells.
Aiming: Poisonous Vapours (safe; 5% risk of failure)
Press: ? - help, Dir - move target, f - kobold
Aim: a kobold, wielding a +0 short sword (asleep)
Okay, then.
The helpless kobold fails to defend itself.
You hit the kobold.
You kill the kobold!
A frilled lizard comes into view.
Aiming: Magic Dart (safe; 3% risk of failure)
Press: ? - help, Q - select action, (/) - cycle Shift-Dir - straight line, f - frilled lizard
Aim: a frilled lizard (asleep, 100% to hit)
The magic dart hits the frilled lizard.
You kill the frilled lizard!
Unknown command.
You reach down and open the door.
There is an open door here.
There is a stone staircase leading down here.
There is an open door here.
Things that are here:
a +0 sling; a +0 club A rat comes into view.
Aiming: Magic Dart (safe; 3% risk of failure)
Press: ? - help, Q - select action, (/) - cycle Shift-Dir - straight line, f - rat
Aim: a rat (100% to hit)
The magic dart hits the rat.
You kill the rat!
Unknown command.
Aiming: Magic Dart (safe; 3% risk of failure)
Press: ? - help, Q - select action, (/) - cycle Shift-Dir - straight line, f - you
Okay, then.
There is an open door here.
Pyropingo's ghost turns its malevolent gaze towards you.
Could not explore, unopened runed door.
There is a stone staircase leading down here.
You fly downwards.
Found 10 gold pieces.
There is a stone staircase leading up here.
The helpless giant cockroach fails to defend itself.
You hit the giant cockroach.
You kill the giant cockroach!
As you read the scroll labelled LEDATA MALOXT, it crumbles to dust.
It is a scroll of identify.
c - 2 scrolls of fog
As you read the scroll of identify, it crumbles to dust.
d - 2 scrolls of summoning
As you read the scroll of identify, it crumbles to dust.
q - a scroll of teleportation You see here a giant cockroach corpse.
Found a stone staircase leading up.
You now have 145 gold pieces (gained 10).
There is a stone staircase leading up here.
A quokka comes into view.
Found 15 gold pieces.
The helpless quokka fails to defend itself.
You hit the quokka.
The quokka is severely wounded.
The quokka completely misses you.
You miss the quokka.
The quokka is severely wounded.
The quokka bites you but does no damage.
The quokka closely misses you.
You closely miss the quokka.
The quokka is severely wounded.
The quokka bites you.
You barely miss the quokka.
The quokka is severely wounded.
The quokka bites you but does no damage.
You hit the quokka.
The quokka is severely wounded.
The quokka bites you but does no damage.
You completely miss the quokka.
The quokka is severely wounded.
The quokka closely misses you.
You hit the quokka.
You kill the quokka!
You now have 160 gold pieces (gained 15).
You now have 166 gold pieces (gained 6).
An orc comes into view. It is wielding a +0 whip.
Casting: Magic Dart (safe; 3% risk of failure)
Confirm with . or Enter, or press ? or * to list all spells.
Aiming: Poisonous Vapours (safe; 4% risk of failure)
Press: ? - help, Dir - move target, f - orc
Aim: an orc, wielding a +0 whip and wearing a +0 scale mail (asleep) Poisonous vapours surround the orc!
The orc is poisoned.
The orc shouts!
Casting: Poisonous Vapours (safe; 4% risk of failure)
Confirm with . or Enter, or press ? or * to list all spells.
Aiming: Poisonous Vapours (safe; 4% risk of failure)
Press: ? - help, Dir - move target, f/p - orc
Aim: an orc, wielding a +0 whip and wearing a +0 scale mail (lightly wounded, poisoned) Poisonous vapours surround the orc!
The orc looks even sicker.
You kill the orc!
HP restored.
Found a stone staircase leading down.
Things that are here:
a +0 whip; a +0 scale mail; an orc corpse
Found 2 stones.
You reach down and open the door.
There is an open door here.
n - 2 fizzy grey potions (gained 1)
You reach down and open the door. 2 orc wizards come into view.
The orc wizard shouts! x2; You hear a shout! x3
The orc wizard points at you and mumbles some strange words.
You resist with some effort.
An orc priest comes into view. It is wielding a +0 short sword.
The orc wizard moves out of view.
An orc wizard comes into view.
It is wielding a +0 dagger and wearing a +0 robe of willpower.
There is an open door here.
The orc wizard moves out of view.
The orc wizard casts a spell at you. The puff of flame misses you.
The orc wizard gestures at you while chanting.
You resist with some effort.
Casting: Poisonous Vapours (safe; 4% risk of failure)
Confirm with . or Enter, or press ? or * to list all spells.
Aiming: Shock (safe; 3% risk of failure)
Press: ? - help, Shift-Dir - straight line
Okay, then.
You start waiting.
An orc wizard is nearby!
Casting: Shock (safe; 3% risk of failure)
Confirm with . or Enter, or press ? or * to list all spells.
Aiming: Shock (safe; 3% risk of failure)
Press: ? - help, Shift-Dir - straight line The zap hits the orc wizard.
The orc wizard is moderately wounded.
The zap hits the orc wizard.
The orc wizard is heavily wounded.
The orc wizard points at you and mumbles some strange words.
You are confused.
The orc wizard points at you and mumbles some strange words.
The puff of flame misses you.
The orc wizard casts a spell.
The orc wizard flickers and vanishes!
Deactivating autopickup; reactivate with Ctrl-A.
You hear a shout!
You bump into the rock wall.
The orc wizard hits you but does no damage.
You bump into the rock wall.
You feel less confused.
The orc wizard hits you but does no damage.
You closely miss the orc wizard. The orc wizard casts a spell at you.
You are confused.
The orc wizard casts a spell at you. The puff of flame hits you. You resist.
You hit the orc wizard.
The orc wizard is lightly wounded.
The orc wizard hits you but does no damage.
You closely miss the orc wizard.
The orc wizard is lightly wounded.
The orc wizard gestures at you while chanting.
The magic dart hits you!
The orc wizard hits you with a +0 dagger.
You miss the orc wizard.
The orc wizard is lightly wounded.
The orc wizard closely misses you.
The orc wizard hits you but does no damage.
You hit the orc wizard but do no damage.
The orc wizard is lightly wounded.
The orc wizard hits you with a +0 dagger.
The orc priest calls upon Beogh to heal the orc wizard.
The orc wizard hits you but does no damage.
You bump into the rock wall.
The orc wizard points at you and mumbles some strange words.
The puff of flame hits you. You resist.
The orc priest calls down the wrath of Beogh upon you.
Beogh smites you!
The orc wizard hits you with a +0 dagger.
Unknown command.
You bump into the rock wall.
You feel less confused.
The orc wizard hits you with a +0 dagger.
* * * LOW HITPOINT WARNING * * *
The orc wizard hits you but does no damage.
Casting: Shock (safe; 3% risk of failure)
Confirm with . or Enter, or press ? or * to list all spells.
You blink.
An orc comes into view. It is wielding a +0 flail.
The orc shouts!
* * * LOW HITPOINT WARNING * * *
The orc priest calls upon Beogh to heal the orc wizard.
The orc wizard barely misses you.
You feel stable enough to blink again. The orc wizard casts a spell at you.
You resist with some effort. The orc wizard casts a spell at you.
You are confused.
You bump into the rock wall.
The orc wizard points at you and mumbles some strange words.
The puff of flame hits you. You resist.
* * * LOW HITPOINT WARNING * * *
You bump into the rock wall.
The orc wizard mumbles some strange words.
The orc wizard flickers and vanishes!
The orc wizard gestures at you while chanting.
You are more confused.
You bump into the rock wall.
The orc wizard points at you and mumbles some strange words.
You are more confused.
Found a white marble altar of Elyvilon.
A ball python comes into view.
You bump into the rock wall.
The ball python hisses angrily.
A giant cockroach comes into view.
Found 7 stones.
Found a scroll of identify.
The orc wizard casts a spell at you. The magic dart hits you.
* * * LOW HITPOINT WARNING * * *
Found a scroll labelled RAWKYDIDURI.
The ball python completely misses you. x2
The ball python closely misses you. The ball python barely misses you.
The giant cockroach attacks as it pursues you!
The giant cockroach bites you but does no damage.
It was a potion of degeneration.
There was something very wrong with that liquid.
You feel weakened.
You feel dopey.
You feel clumsy. The ball python barely misses you. The ball python grabs you.
The ball python constricts you.
* * * LOW HITPOINT WARNING * * *
The giant cockroach closely misses you.
The ball python bites you but does no damage.
The ball python constricts you.
* * * LOW HITPOINT WARNING * * *
It was a potion of might.
You feel very mighty all of a sudden. The giant cockroach bites you.
* * * LOW HITPOINT WARNING * * *
The ball python bites you but does no damage.
The ball python constricts you.
* * * LOW HITPOINT WARNING * * *
It was a potion of lignification.
You turn into a tree.
Your +0 helmet melds into your body.
Your +1 robe of fire resistance melds into your body.
You feel less resistant to fire.
Your roots penetrate the ground.
The giant cockroach bites you but does no damage.
The ball python bites you but does no damage.
The ball python constricts you.
You cannot move. (Use ctrl+direction or * direction to attack while stationary and confused.)
You hit the ball python.
You kill the ball python!
The giant cockroach bites you but does no damage. x2
You attack the stone wall.
You feel less confused.
The orc wizard hits you but does no damage.
The giant cockroach bites you but does no damage.
You closely miss the orc wizard.
An orc wizard appears from thin air!
Reactivating autopickup.
The orc wizard gestures at you while chanting.
The magic dart hits you.
* * * LOW HITPOINT WARNING * * *
The giant cockroach bites you but does no damage.
It was a potion of enlightenment.
Your roots keep you in place.
The orc hits you with a +0 flail.
You die...

Skill      XL: |  1  2  3  4 |
---------------+-------------+-----
Spellcasting   | 3 |  3.7
Conjurations   | 3 |  3.7
Hexes          | 3 |  3.7
Summonings     | 3 |  3.7
Necromancy     | 3 |  3.7
Translocations | 3 |  3.7
Transmutations | 3 |  3.7
Fire Magic     | 3 |  3.7
Ice Magic      | 3 |  3.7
Air Magic      | 3 |  3.7
Earth Magic    | 3 |  3.7
Poison Magic   | 3 |  3.7
Fighting       | 1 |  1.8
Stealth        | 2 |  2.4
Dodging        | 3 |  3.2

Action                     |  1- 3 |  4- 6 || total
---------------------------+-------+-------++-------
  Melee: Dagger            |     7 |    16 ||    23
   Cast: Magic Dart        |    80 |    75 ||   155
         Shock             |    12 |     3 ||    15
         Poisonous Vapours |       |     9 ||     9
         Blink             |       |     1 ||     1
    Use: Potion            |       |     4 ||     4
         Scroll            |       |     3 ||     3
   Stab: Sleeping          |       |     3 ||     3
 Armour: Robe              |     2 |    17 ||    19
         Skin              |       |     7 ||     7
  Dodge: Dodged            |    12 |    15 ||    27

Levels and vault maps discovered:
D:1:      minmay_arrival_plants_in_alcoves, layout_loops_cross
D:2:      kb_forest_paths, layout_basic, hangedman_feature_mirror
D:3:      layout_basic, vehumet_crystals, hellmonk_ghost_happy_afterlife,
          minmay_surrounded
D:4:      layout_basic, elyvilon_altar_5

Notes
Turn   | Place    | Note
-------+----------+-------------------------------------------
     0 | D:1      | scionoferis the Djinni Hedge Wizard began the quest for the
                  | Orb.
     0 | D:1      | scionoferis set off with the following spells memorised:
                  | Magic Dart, Slow, Blink, Call Imp, Mephitic Cloud.
     0 | D:1      | Reached XP level 1. HP: 15/15 MP: 0/0
   160 | D:1      | Reached skill level 3 in Spellcasting
   160 | D:1      | Reached skill level 3 in Conjurations
   160 | D:1      | Reached skill level 3 in Hexes
   160 | D:1      | Reached skill level 3 in Summonings
   160 | D:1      | Reached skill level 3 in Necromancy
   160 | D:1      | Reached skill level 3 in Translocations
   160 | D:1      | Reached skill level 3 in Transmutations
   160 | D:1      | Reached skill level 3 in Fire Magic
   160 | D:1      | Reached skill level 3 in Ice Magic
   160 | D:1      | Reached skill level 3 in Air Magic
   160 | D:1      | Reached skill level 3 in Earth Magic
   160 | D:1      | Reached skill level 3 in Poison Magic
   261 | D:1      | Reached XP level 2. HP: 6/22 MP: 0/0
  1148 | D:2      | Reached XP level 3. HP: 9/26 MP: 0/0
  1148 | D:2      | Learned a level 1 spell: Shock
  1479 | D:2      | Reached skill level 1 in Fighting
  1479 | D:2      | Reached skill level 2 in Stealth
  2395 | D:3      | Found a runed translucent door.
  2395 | D:3      | Noticed Pyropingo's ghost (weakling DsGl)
  2417 | D:3      | Reached XP level 4. HP: 29/32 MP: 0/0
  2637 | D:3      | Reached skill level 3 in Dodging
  2718 | D:3      | Reached XP level 5. HP: 7/38 MP: 0/0
  2718 | D:3      | Learned a level 2 spell: Poisonous Vapours
  3437 | D:4      | Found a white marble altar of Elyvilon.
  3448 | D:4      | HP: 5/57 [orc wizard/magic dart (4)]
  3449 | D:4      | Slain by an orc

Vanquished Creatures
  An orc priest (D:3)
  4 adders (D:2 D:3)
  3 worms (D:2 D:3)
  A dart slug (D:2)
  9 orcs (D:2 D:3 D:4)
  3 ball pythons (D:2 D:4)
  4 endoplasms (D:1 D:2 D:3)
  3 giant cockroaches (D:1 D:3 D:4)
  6 goblins (D:1 D:2 D:3)
  5 hobgoblins (D:1 D:2 D:3)
  4 jackals (D:2 D:3)
  A quokka (D:4)
  4 bats (D:1 D:2 D:3)
  2 frilled lizards (D:2 D:3)
  5 kobolds (D:1 D:2 D:3)
  4 rats (D:2 D:3)
59 creatures vanquished.

Table legend: (Time is in decaauts)
 A = Elapsed time spent in this place.
 B = Non-inter-level travel time spent in this place.
 C = Inter-level travel time spent in this place.
 D = Time resting spent in this place.
 E = Time spent auto-exploring this place.
 F = Levels seen in this place.
 G = Mean time per level.
                   A        B        C        D        E       F      G
               +--------+--------+--------+--------+--------+-----+--------+
         Total |   3448 |   3264 |    184 |    318 |   2460 |   4 |  862.0 |
       Dungeon |   3448 |   3264 |    184 |    318 |   2460 |   4 |  862.0 |
               +--------+--------+--------+--------+--------+-----+--------+

Top non-repeatable levels by time:
     D:2: 1620 daAuts
     D:3: 940 daAuts
     D:1: 735 daAuts
     D:4: 152 daAuts

Table legend:
 A = Non-vault XP
 B = Vault XP
 C = Vault XP percentage of total XP
 D = Non-vault monster count
 E = Vault monster count
 F = Vault count percentage of total count
                 A         B        C        D         E       F
            +---------+---------+-------+---------+---------+-------
      Total |     185 |      24 |  11.5 |      47 |      12 |  20.3
            +---------+---------+-------+---------+---------+-------
        D:1 |      15 |       0 |   0.0 |       9 |       0 |   0.0
        D:2 |      42 |      10 |  19.2 |      13 |       6 |  31.6
        D:3 |     120 |      14 |  10.4 |      21 |       6 |  22.2
        D:4 |       8 |       0 |   0.0 |       4 |       0 |   0.0
            +---------+---------+-------+---------+---------+-------
